AoeStats
← sebase76

Arena

509634920Analyzed
1v1 RM · 3d ago on Sep 27, 2026· 27m 58s· 2 players
Game mode
Random Map
Map size
Tiny (2 player)
Population
200
Speed
Normal
Resources
Standard
Victory
Conquest
Starting age
Dark Age
Ending age
Imperial Age
RankedLock teamsTeams togetherTeam positionsShared explorationLock speedFull tech treeHidden civsTurbo modeCheats
Victory
Defeat
🇩🇪 Portuguese · Germany
537
+31
🇪🇨 Goths · Ecuador
549
-17
leo.linus
11:42 Feudal Age
9:59 Loom
10:49 Loom
17:26 Castle Age
15:39 Double-Bit Axe
20:46 Bow Saw
23:01 Fervor
sebase76
1:09 Loom
10:29 Feudal Age
15:09 Double-Bit Axe
20:08 Castle Age
22:38 Town Watch
23:08 Bow Saw
24:27 Wheelbarrow
25:38 Elite Skirmisher
28:20 Hand Cart
27:54 Horse Collar
Connection lost

Rejoining the realm…

Still unreachable

The connection could not be restored.

Session expired

The server has moved on; the page needs a fresh start.